 Dungeon Crawl Stone Soup version 0.16-a0-3171-gce70061 (webtiles) character file.

104 Ololoev the Slasher (level 4, -1/35 HPs)
             Began as a Mummy Chaos Knight on Dec 16, 2014.
             Was a Plaything of Xom.
             Slain by a gnoll
             ... wielding a +0 spear
              (10 damage)
             ... on level 2 of the Dungeon.
             The game lasted 00:04:30 (1498 turns).

Ololoev the Slasher (Mummy Chaos Knight)            Turns: 1498, Time: 00:04:30

Health: -1/35      AC: 11    Str: 16      XL:     4   Next: 52%
Magic:  4/4        EV:  7    Int: 10 (11) God:    Xom [..*...]
Gold:   184        SH:  0    Dex: 11      Spells: 0 memorised, 3 levels left

rFire  x x .     SeeInvis .     a - +0 falchion (chaos)
rCold  + + .     Clarity  .     k - +0 chain mail
rNeg   + + +     SustAb   .     (no shield)
rPois  ∞         Gourm    .     m - +0 helmet
rElec  .         Spirit   .     e - +0 cloak
rCorr  .         Warding  .     (no gloves)
rMut   .         Stasis   .     (no boots)
MR     .....                    (no amulet)
Stlth  ..........               (no ring)
                                h - ring of ice

@: not resistant to hostile enchantments, extremely unstealthy
A: no food or potions, fire vulnerability, restore body, cold resistance 1,
negative energy resistance 3, poison resistance, torment resistance, unbreathing
a: Renounce Religion


You were on level 2 of the Dungeon.
You worshipped Xom.
You were a toy of Xom.
You were not hungry.

You visited 1 branch of the dungeon, and saw 3 of its levels.

You collected 184 gold pieces.

Notes
Turn   | Place    | Note
--------------------------------------------------------------
     0 | D:1      | Ololoev, the Mummy Chaos Knight, began the quest for the Orb.
     0 | D:1      | Reached XP level 1. HP: 18/18 MP: 1/1
     4 | D:1      | XOM: harmless Divn miscast
     8 | D:1      | XOM: harmless Fire miscast
    54 | D:1      | XOM: 1-stop teleportation journey
    75 | D:1      | Reached XP level 2. HP: 21/24 MP: 2/2
   109 | D:1      | XOM: god gift: scroll labeled SAPINGECSA
   146 | D:1      | XOM: god gift: 41 gold pieces
   406 | D:1      | XOM: god gift: wooden wand {god gift}
   459 | D:2      | XOM: god gift: glowing lead wand {god gift}
   579 | D:2      | XOM: snakes to sticks
   622 | D:2      | Found a sacrificial altar of Ru.
   656 | D:2      | Reached XP level 3. HP: 27/29 MP: 3/3
   707 | D:2      | XOM: 3-stop teleportation journey
   728 | D:2      | XOM: snakes to sticks
   759 | D:2      | XOM: polymorph adder -> giant eyeball
   761 | D:2      | Paralysed by a giant eyeball for 2 turns
   770 | D:2      | Paralysed by a giant eyeball for 2 turns
   776 | D:2      | Paralysed by a giant eyeball for 3 turns
   784 | D:2      | Paralysed by a giant eyeball for 2 turns
   812 | D:2      | Reached XP level 4. HP: 35/35 MP: 4/4
   995 | D:2      | XOM: medium Divn miscast
  1020 | D:2      | XOM: noise
  1126 | D:2      | XOM: medium Pois miscast
  1459 | D:2      | XOM: colour smoke trail
  1498 | D:2      | Slain by a gnoll

Inventory:

Hand weapons
 a - a +0 falchion of chaos (weapon)
Armour
 e - a +0 cloak (worn)
 k - a +0 chain mail (worn)
 m - a +0 helmet (worn)
Jewellery
 h - a ring of ice (left hand)
Magical devices
 i - a wand of slowing (32)
 j - a wand of teleportation (5)
Scrolls
 b - 2 scrolls of fear {unknown}
 c - a scroll of identify {unknown}
 d - 3 scrolls of teleportation {unknown}
 f - 2 scrolls of remove curse {unknown}
 g - a scroll of enchant armour {unknown}
 l - a scroll of amnesia {unknown}

Table legend:
 A = Turns spent in this place as a percentage of turns spent in the entire game.
 B = Non-inter-level travel turns spent in this place as a percentage of non-inter-level travel turns spent in the entire game.
 C = Inter-level travel turns spent in this place as a percentage of turns spent in this place.
 D = Turns resting spent in this place as a percentage of non-inter-level travel turns spent in this place.
 E = Turns spent auto-exploring this place as a percentage of non-inter-level travel turns spent in this place.
 F = Non-inter-level travel turns spent in this place divided by the number of levels of this place that you've seen.
                   A       B       C       D       E      F
               +-------+-------+-------+-------+-------+----------------------
         Total | 100.0 | 100.0 |   0.4 |   2.4 |  10.8 | 234.3
       Dungeon | 100.0 | 100.0 |   0.4 |   2.4 |  10.8 | 234.3
               +-------+-------+-------+-------+-------+----------------------


   Skills:
 - Level 3.0 Fighting
 * Level 3.8 Long Blades
 + Level 2.7 Armour
 - Level 0.7 Dodging


You had 3 spell levels left.
You didn't know any spells.

Dungeon Overview and Level Annotations

Branches:
Dungeon (3/15)

Altars:
Ru


Innate Abilities, Weirdness & Mutations

You do not eat or drink.
Your flesh is vulnerable to fire.
Your flesh is cold resistant.
You are immune to negative energy.
Your system is resistant to poisons.
You are immune to unholy pain and torment.
You can survive without breathing.


Message History

The gnoll is heavily wounded.
The gnoll hits you with a spear!
The hobgoblin hits you but does no damage.
The gnoll hits you with a spear!
You are too injured to fight recklessly!
You are too injured to fight recklessly!
You are too injured to fight recklessly!
You are too injured to fight recklessly!
You are too injured to fight recklessly!
You are too injured to fight recklessly!
You are too injured to fight recklessly!
You are too injured to fight recklessly!
You are too injured to fight recklessly!
You are too injured to fight recklessly!
You are too injured to fight recklessly!
You are too injured to fight recklessly!
You are too injured to fight recklessly!
You are too injured to fight recklessly!
You are too injured to fight recklessly!
You are too injured to fight recklessly!
You are too injured to fight recklessly!
You are too injured to fight recklessly!
You are too injured to fight recklessly!
You are too injured to fight recklessly!
You are too injured to fight recklessly!
You are too injured to fight recklessly!
You are too injured to fight recklessly!
You barely miss the gnoll.
The gnoll is heavily wounded.
The gnoll hits you but does no damage. The hobgoblin closely misses you.
You hit the gnoll.
The gnoll is heavily wounded.
The gnoll hits you but does no damage. The hobgoblin barely misses you.
The gnoll hits you with a spear.
You closely miss the gnoll.
The gnoll is heavily wounded.
The gnoll barely misses you. The hobgoblin closely misses you.
The gnoll hits you with a spear!
You die... "What!?
That's it?"

#..# #.# #..# #.#
#..# #.#
#.[######)#
#####.........#
#............<#
#.####.###....####
#g# #.###........
#@# #........#.##
#g# #.......###.#
#.# ##...<.(.#.##
#.# ####...#.##
#.# #...#§### #.#
#...#§.§§
#.#########.######
#...........#
#############


You could see a gnoll (berserk) and a hobgoblin.

Table legend:
 A = Kills in this place as a percentage of kills in entire the game.
 B = Kills by you in this place as a percentage of kills by you in the entire game.
 C = Kills by friends in this place as a percentage of kills by friends in the entire game.
 D = Other kills in this place as a percentage of other kills in the entire game.
 E = Experience gained in this place as a percentage of experience gained in the entire game.
 F = Experience gained in this place divided by the number of levels of this place that you have seen.
                   A       B       C       D       E      F
               +-------+-------+-------+-------+-------+----------------------
         Total | 100.0 | 100.0 |  -nan |  -nan | 100.0 |  49.7
       Dungeon | 100.0 | 100.0 |  -nan |  -nan | 100.0 |  49.7
               +-------+-------+-------+-------+-------+----------------------

Vanquished Creatures
  An orc wizard (D:2)
  2 gnolls
  A giant eyeball (D:2)
  3 giant geckos (D:2)
  An ooze (D:1)
  An orc (D:2)
  7 bats
  2 giant cockroaches
  7 goblins
  5 hobgoblins
  5 jackals (D:2)
  A quokka (D:2)
  2 giant newts (D:2)
  5 kobolds
  4 rats
47 creatures vanquished.

Action                   |  1- 3 |  4- 6 || total
-------------------------+-------+-------++-------
Melee: Falchion          |    87 |    83 ||   170
 Stab: Paralysed         |     1 |       ||     1
       Petrifying        |       |     1 ||     1
       Petrified         |       |     1 ||     1

Vault maps used:
D:1:      matt_arrival_debris
D:2:      first_bread, nicolae_ru_great_annihilating_truth
D:3:      grunt_ashenzari_visionary
